 Dungeon Crawl Stone Soup version 0.31-a0-538-gbc85326fa9 (webtiles) character file.

Game seed: 16134259378632278457

253 quinnr the Gusty (level 6, -1/37 HPs)
             Began as a Tengu Air Elementalist on Aug 13, 2023.
             Slain by a kobold brigand
             ... wielding a +0 short sword
              (5 damage)
             ... in a sewer.
             The game lasted 00:05:49 (3948 turns).

quinnr the Gusty (Tengu Air Elementalist)           Turns: 3948, Time: 00:05:50

Health: -1/37      AC:  3    Str: 20    XL:     6   Next: 14%
Magic:  3/11       EV: 14    Int: 17    God:
Gold:   167        SH:  0    Dex: 15    Spells: 3/10 levels left

rFire   . . .        (no weapon)
rCold   . . .        (no shield)
rNeg    . . .        a - +0 robe
rPois   .            (helmet restricted)
rElec   .            (no cloak)
rCorr   .            t - +0 pair of gloves
SInv    .            (boots unavailable)
Will    .....        (no amulet)
Stlth   ++           S - +6 ring of strength
HPRegen 0.26/turn    s - +6 ring of strength
MPRegen 0.12/turn

%: no passive effects
@: lethally poisoned (-1 -> -3), flying quickly and evasively, slowed, very slow
A: beak, talons 3, nimble flight
a: no special abilities


You were in a sewer.
You visited 1 branch of the dungeon, and saw 4 of its levels.
You also visited: Sewer.

You collected 167 gold pieces.


Innate Abilities, Weirdness & Mutations

You have a beak for a mouth.
You have claws for feet.
Your magical nature lets you fly swiftly and evasively.


   Skills:
 - Level 3.0 Fighting
 - Level 2.1 Dodging
 - Level 2.0 Stealth
 + Level 2.9 Spellcasting
 - Level 1.3 Conjurations
 - Level 7.0 Air Magic


You had 3 spell levels left.
You knew the following spells:

 Your Spells              Type           Power      Damage    Failure   Level
a - Airstrike             Air            13%        2d(2-18)  10%         4
t - Static Discharge      Conj/Air       32%        2-4/arc   4%          2
z - Shock                 Conj/Air       64%        1d7       3%          1

Your spell library contained the following spells:

 Spells                   Type           Power      Damage    Failure   Level
 Swiftness                Air            26%        N/A       3%          3
 Frozen Ramparts          Ice            4%         1d1       47%         3
 Petrify                  Tmut/Erth      2%         N/A       87%         4
 Metabolic Englaciation   Hex/Ice        1%         N/A       99%         5

Inventory:

Missiles
 d - 4 atropa-tipped darts
Armour
 a - a +0 robe (worn)
 q - a +0 buckler
 t - a +0 pair of gloves (worn)
Jewellery
 s - a +6 ring of strength (right hand)
 S - a +6 ring of strength (left hand)
Scrolls
 g - 2 scrolls of teleportation {unknown}
 i - a scroll of fear {unknown}
 n - a scroll of enchant weapon {unknown}
 r - 2 scrolls of blinking {unknown}
 u - a scroll of brand weapon {unknown}
 v - a scroll of silence {unknown}
Potions
 b - a potion of magic
 c - a potion of enlightenment {unknown}
 e - a potion of cancellation {unknown}
 f - a potion of mutation {unknown}
 h - a potion of heal wounds {unknown}
 j - a potion of degeneration {unknown}
 l - a potion of attraction {unknown}
 m - a potion of haste {unknown}
 o - 2 potions of lignification {unknown}
 p - 2 potions of curing {unknown}
 w - a potion of might {unknown}
 x - 2 potions of invisibility {unknown}

Dungeon Overview and Level Annotations

Branches:
Dungeon (4/15)              Sewer (1/1)
 Temple: D:4-7

Altars:
Xom

▒▒▒▒▒▒▒▒▒▒▒▒ ∩▒
▒...~~...~.▒▒▒.▒▒ .
▒.~~~~~...~......
..▒~~≈≈≈~~~~~)~~~~~
.))~~≈≈≈≈≈≈≈≈≈≈≈≈≈≈
▒~~≈≈≈~~~~~~~≈~~
▒.~~~K@..~~~....
▒.~~~~..~~~▒▒▒▒
▒▒▒▒▒▒▒▒▒~▒▒ ▒~▒
▒~▒ ▒~▒ ▒~▒ ▒~▒ ▒~▒


You could see a kobold brigand.


Message History

Confirm with . or Enter, or press ? or * to list all spells.
Aiming: Shock (safe; 3% risk of failure)
Press: ? - help, Shift-Dir - straight line, f/p - kobold brigand
Aim: a kobold brigand, wielding a +0 short sword and quivering curare-tipped darts (moderately wounded, 64% to hit)
The zap hits the kobold brigand.
The kobold brigand is moderately wounded.
You feel sick.
The kobold brigand throws a curare-tipped dart.
The curare-tipped dart misses you.
Unknown command.
Casting: Shock (safe; 3% risk of failure)
Confirm with . or Enter, or press ? or * to list all spells.
Aiming: Shock (safe; 3% risk of failure)
Press: ? - help, Shift-Dir - straight line, f/p - kobold brigand
Aim: a kobold brigand, wielding a +0 short sword and quivering curare-tipped darts (moderately wounded, 64% to hit)
The zap hits the kobold brigand.
The kobold brigand is heavily wounded.
You feel sick.
Unknown command.
Casting: Shock (safe; 3% risk of failure)
Confirm with . or Enter, or press ? or * to list all spells.
The kobold brigand is struck by an arc of lightning.
The kobold brigand is heavily wounded.
You are struck by an arc of lightning.
* * * LOW HITPOINT WARNING * * *
The kobold brigand is struck by an arc of lightning.
The kobold brigand is severely wounded.
The lightning grounds out.
You feel sick.
The kobold brigand hits you with a +0 short sword.
You die...

Skill      XL: |  1  2  3  4  5 |
---------------+----------------+-----
Air Magic      | 5 6 7 |  7.0
Fighting       | 1 3 |  3.0
Dodging        | |  2.1
Stealth        | |  2.0
Spellcasting   | |  2.9
Conjurations   | |  1.3

Action                     |  1- 3 |  4- 6 || total
---------------------------+-------+-------++-------
  Melee: Unarmed           |       |     1 ||     1
   Cast: Shock             |    80 |   129 ||   209
         Static Discharge  |       |     1 ||     1
    Use: Scroll            |       |     1 ||     1
   Stab: Sleeping          |       |     1 ||     1
 Armour: Robe              |       |     2 ||     2
  Dodge: Dodged            |     1 |    26 ||    27

Levels and vault maps discovered:
D:1:      lemuel_arrival_lava_pool, layout_loops_ring,
          chequers_serial_rivers_micro_e, minmay_lizard_king
D:2:      layout_loops_ring
D:3:      layout_basic, lemuel_doored_altar, minmay_three_crescents
D:4:      layout_basic, cheibrodos_sewer_entry_sluice, enter_ossuary_4
Sewer:    sewer_kobolds

Notes
Turn   | Place    | Note
-------+----------+-------------------------------------------
     0 | D:1      | quinnr the Tengu Air Elementalist began the quest for the
                  | Orb.
     0 | D:1      | Reached XP level 1. HP: 10/10 MP: 4/4
    26 | D:1      | Reached XP level 2. HP: 15/15 MP: 1/6
   124 | D:1      | Reached skill level 5 in Air Magic
   489 | D:1      | Reached XP level 3. HP: 19/19 MP: 4/7
  1389 | D:2      | Reached skill level 6 in Air Magic
  1731 | D:2      | Reached XP level 4. HP: 18/24 MP: 5/8
  2793 | D:3      | Reached skill level 7 in Air Magic
  2881 | D:3      | Reached skill level 1 in Fighting
  2881 | D:3      | Gained mutation: Your magical nature lets you fly swiftly
                  | and evasively. [Tengu growth]
  2881 | D:3      | Reached XP level 5. HP: 28/29 MP: 2/9
  3120 | D:3      | Reached skill level 2 in Fighting
  3351 | D:3      | Found a shimmering altar of Xom.
  3702 | D:4      | Found a glowing drain.
  3726 | Sewer    | Entered a sewer
  3744 | Sewer    | Learned a level 2 spell: Static Discharge
  3749 | Sewer    | Learned a level 4 spell: Airstrike
  3785 | Sewer    | Noticed a kobold brigand
  3826 | Sewer    | Killed a kobold brigand
  3827 | Sewer    | Reached skill level 3 in Fighting
  3827 | Sewer    | Reached XP level 6. HP: 33/37 MP: 0/11
  3948 | Sewer    | Slain by a kobold brigand

Vanquished Creatures
  A kobold brigand (Sewer)
  An orc priest (D:3)
  A gnoll (D:1)
  2 adders
  2 river rats
  4 worms
  3 dart slugs
  3 orcs (D:3)
  7 bats
  4 endoplasms
  5 giant cockroaches
  7 goblins
  7 hobgoblins
  2 jackals (D:2)
  3 quokkas
  8 ball pythons
  11 frilled lizards
  5 kobolds
  18 rats
94 creatures vanquished.

Table legend: (Time is in decaauts)
 A = Elapsed time spent in this place.
 B = Non-inter-level travel time spent in this place.
 C = Inter-level travel time spent in this place.
 D = Time resting spent in this place.
 E = Time spent auto-exploring this place.
 F = Levels seen in this place.
 G = Mean time per level.
                   A        B        C        D        E       F      G
               +--------+--------+--------+--------+--------+-----+--------+
         Total |   3897 |   3821 |     76 |     68 |   3105 |   5 |  779.4 |
       Dungeon |   3685 |   3609 |     76 |      9 |   3105 |   4 |  921.2 |
         Sewer |    212 |    212 |      0 |     59 |      0 |   1 |  212.0 |
               +--------+--------+--------+--------+--------+-----+--------+

Top non-repeatable levels by time:
     D:2: 1368 daAuts
     D:1: 1361 daAuts
     D:3: 893 daAuts
   Sewer: 212 daAuts
     D:4: 61 daAuts

Table legend:
 A = Non-vault XP
 B = Vault XP
 C = Vault XP percentage of total XP
 D = Non-vault monster count
 E = Vault monster count
 F = Vault count percentage of total count
                 A         B        C        D         E       F
            +---------+---------+-------+---------+---------+-------
      Total |     196 |     166 |  45.9 |      67 |      27 |  28.7
            +---------+---------+-------+---------+---------+-------
        D:1 |      50 |       8 |  13.8 |      21 |       8 |  27.6
        D:2 |      68 |       0 |   0.0 |      28 |       0 |   0.0
        D:3 |      77 |      23 |  23.0 |      17 |       6 |  26.1
        D:4 |       1 |      19 |  95.0 |       1 |       4 |  80.0
      Sewer |       0 |     116 | 100.0 |       0 |       9 | 100.0
            +---------+---------+-------+---------+---------+-------

Levels and vault maps discovered:
D:1:      lemuel_arrival_lava_pool, layout_loops_ring,
          chequers_serial_rivers_micro_e, minmay_lizard_king
D:2:      layout_loops_ring
D:3:      layout_basic, lemuel_doored_altar, minmay_three_crescents
D:4:      layout_basic, cheibrodos_sewer_entry_sluice, enter_ossuary_4
Sewer:    sewer_kobolds
